 Dungeon Crawl Stone Soup version 0.32-a0-841-g4648e6c457 (webtiles) character file.

Game seed: 7829482052304827078

1166 pokeman the Thaumaturge (level 8, -3/44 HPs)
             Began as a Deep Elf Hedge Wizard on Mar 26, 2024.
             Slain by an orc warrior
             ... wielding a +0 short sword
              (12 damage)
             ... on level 4 of the Dungeon.
             The game lasted 00:13:53 (6008 turns).

pokeman the Thaumaturge (Deep Elf Hedge Wizard)     Turns: 6008, Time: 00:13:54

Health: -3/44      AC:  2    Str:  7    XL:     8   Next: 17%
Magic:  10/23      EV: 17    Int: 22    God:
Gold:   384        SH:  5    Dex: 14    Spells: 17/25 levels left

rFire   . . .        h - +2 whip (pain)
rCold   . . .        (no shield)
rNeg    . . .        b - +0 robe
rPois   .            c - +0 hat
rElec   .            (no cloak)
rCorr   .            (no gloves)
SInv    +            (no boots)
Will    .....        n - amulet of reflection
Stlth   ++           i - ring of see invisible
HPRegen 0.27/turn    s - +5 ring of evasion
MPRegen 0.18/turn

%: reflection
@: no status effects
A: no striking features
a: no special abilities


You were on level 4 of the Dungeon.
You visited 1 branch of the dungeon, and saw 4 of its levels.
You also visited: Ossuary.

You collected 384 gold pieces.

Inventory:

Hand Weapons
 h - a +2 whip of pain (weapon)
Missiles
 t - 2 throwing nets
Armour
 b - a +0 robe (worn)
 c - a +0 hat (worn)
Jewellery
 i - a ring of see invisible (left hand)
 n - an amulet of reflection (around neck)
 r - a ring of resist corrosion
 s - a +5 ring of evasion (right hand)
 u - an amulet of the acrobat
Scrolls
 a - 3 scrolls of teleportation {unknown}
 e - 2 scrolls of blinking {unknown}
 f - 7 scrolls of identify {unknown}
 g - 2 scrolls of butterflies {unknown}
 l - a scroll of torment {unknown}
 m - a scroll of poison {unknown}
 o - a scroll of silence {unknown}
Potions
 d - 2 potions of magic
 j - a potion of resistance {unknown}
 k - 2 potions of enlightenment {unknown}
 p - a potion of attraction {unknown}
 q - 6 potions of curing {unknown}
 v - 3 potions of heal wounds {unknown}
 w - a potion of degeneration {unknown}
 x - a potion of brilliance {unknown}


   Skills:
 - Level 2.0 Fighting
 + Level 2.1 Armour
 - Level 3.0 Dodging
 - Level 3.0 Stealth
 * Level 9.3 Spellcasting
 + Level 4.7 Conjurations
 - Level 1.1 Summonings
 + Level 4.0 Necromancy
 - Level 1.1 Translocations
 - Level 1.0 Air Magic
 - Level 1.0 Alchemy


You had 17 spell levels left.
You knew the following spells:

 Your Spells              Type           Power      Damage    Failure   Level
a - Magic Dart            Conj           100%       1d8       1%          1
b - Mephitic Cloud        Conj/Alch/Air  20%        N/A       8%          3
c - Call Imp              Summ           30%        N/A       6%          2
d - Blink                 Tloc           30%        N/A       6%          2

Your spell library contained the following spells:

 Spells                   Type           Power      Damage    Failure   Level
 Apportation              Tloc           30%        N/A       4%          1
 Cigotuvi's Dreadful Rot  Necr/Alch/Air  38%        N/A       4%          2
 Slow                     Hex            40%        N/A       7%          1
 Jinxbite                 Hex            20%        N/A       10%         2
 Alistair's Intoxication  Alch           9%         N/A       75%         5


Dungeon Overview and Level Annotations

Branches:
Dungeon (4/15)            Ossuary (visited)
 Temple: D:4-7

Altars:
Qazlal
The Shining One

Shops:
D:3 :


Message History

The orc warrior hits the orc with a +0 short sword!
The orc is killed!
The orc warrior is engulfed in noxious fumes.
The orc warrior hits you with a +0 short sword!
The orc warrior hits itself but does no damage.
You hit the orc warrior but do no damage.
The orc warrior writhes in agony.
The orc warrior is moderately wounded.
You hit the orc warrior but do no damage.
The orc warrior is moderately wounded.
The orc warrior hits you with a +0 short sword!
You hit the orc warrior but do no damage.
The orc warrior is moderately wounded.
Items here: )))) [[[ ††.
Found 15 gold pieces.
The orc warrior completely misses you.
You hit the orc warrior but do no damage.
The orc warrior writhes in agony.
The orc warrior is moderately wounded.
You strike the helpless orc warrior from behind!
You hit the orc warrior.
The orc warrior writhes in agony.
The orc warrior is heavily wounded.
You hit the orc warrior but do no damage.
The orc warrior writhes in agony.
The orc warrior is severely wounded.
The orc warrior hits you with a +0 short sword!
* * * LOW HITPOINT WARNING * * *
Casting: Mephitic Cloud (dangerous; 8% risk of failure)
Confirm with . or Enter, or press ? or * to list all spells.
Aiming: Magic Dart (safe; 1% risk of failure)
Press: ? - help, Shift-Dir - straight line, f/p - orc warrior
Aim: an orc warrior, wielding a +0 short sword and wearing a +0 chain mail (severely wounded, confused, 100% to hit)
The magic dart hits the orc warrior but does no damage.
The orc warrior is severely wounded.
Unknown command.
Casting: Magic Dart (safe; 1% risk of failure)
Confirm with . or Enter, or press ? or * to list all spells.
A tiny devil pulls itself out of the air.
The orc warrior hits you with a +0 short sword!
You die...

# #.......#.#.## ♣♣
#.......#.#... ♣.
#..>....#.###. ..
#########.# #. ♣.
#########.###. #..
####.......#.....
##.##.....#..........
#$..#.##..#.##.######
#..o@.5.....##.#
#...#.##..####.#
#####)##.......#
#.....###### #######


You could see an orc warrior (confused, ally target) and a friendly cerulean imp
(summoned).

Vanquished Creatures
  A centaur (D:4)
  A phantom (D:4)
  A kobold brigand (D:4)
  A howler monkey (D:4)
  3 jellies (D:4)
  A hound (D:4)
  A gnoll bouda (D:4)
  4 orc wizards (D:4)
  7 mummies (Ossuary)
  16 gnolls (D:4)
  3 adders
  A ribbon worm (D:1)
  3 dart slugs
  26 orcs
  10 ball pythons
  10 endoplasms
  7 giant cockroaches
  12 goblins
  6 hobgoblins
  19 jackals
  3 quokkas
  5 bats
  2 frilled lizards
  4 hobgoblin zombies (Ossuary)
  5 kobolds
  2 kobold zombies (Ossuary)
  2 orc zombies (Ossuary)
  5 rats
161 creatures vanquished.

Vanquished Creatures (collateral kills)
  Grinder (D:4)
  A mummy (Ossuary)
2 creatures vanquished.

Grand Total: 163 creatures vanquished

Notes
Turn   | Place    | Note
-------+----------+-------------------------------------------
     0 | D:1      | pokeman the Deep Elf Hedge Wizard began the quest for the
                  | Orb.
     0 | D:1      | Reached XP level 1. HP: 10/10 MP: 7/7
   293 | D:1      | Reached XP level 2. HP: 16/16 MP: 3/9
   670 | D:1      | Found a faded altar of an unknown god.
   813 | D:1      | Reached skill level 5 in Spellcasting
   872 | D:1      | Reached XP level 3. HP: 20/20 MP: 3/11
   876 | D:1      | Learned a level 3 spell: Mephitic Cloud
   883 | D:1      | Learned a level 2 spell: Call Imp
   886 | D:1      | Learned a level 2 spell: Blink
  1510 | D:2      | Reached skill level 1 in Armour
  1660 | D:2      | Reached skill level 1 in Fighting
  2065 | D:2      | Reached XP level 4. HP: 25/25 MP: 9/13
  2786 | D:3      | Found Qepragaa's Vocational Training.
  3186 | D:3      | Reached skill level 6 in Spellcasting
  3418 | D:3      | Found a stormy altar of Qazlal.
  3418 | D:3      | Found a glowing golden altar of the Shining One.
  3597 | D:4      | Reached XP level 5. HP: 17/29 MP: 3/15
  3598 | D:4      | Found a sand-covered staircase.
  3645 | Ossuary  | Entered an ossuary
  3841 | Ossuary  | Reached skill level 1 in Air Magic
  3945 | Ossuary  | Reached skill level 1 in Necromancy
  4108 | Ossuary  | Reached skill level 1 in Alchemy
  4158 | Ossuary  | Reached XP level 6. HP: 34/34 MP: 11/17
  4435 | D:4      | Reached skill level 7 in Spellcasting
  4757 | D:4      | Reached XP level 7. HP: 39/39 MP: 13/20
  4936 | D:4      | Reached skill level 8 in Spellcasting
  5679 | D:4      | Noticed Grinder
  5691 | D:4      | Paralysed by Grinder for 5 turns
  5748 | D:4      | Killed Grinder
  5749 | D:4      | Reached skill level 9 in Spellcasting
  5749 | D:4      | Reached XP level 8. HP: 22/44 MP: 10/23
  6008 | D:4      | Slain by an orc warrior

Illustrated notes

Levels and vault maps discovered:
D:1:      spicycebolla_arrival_risky_transporter, layout_basic,
          hellmonk_ecumenical_altar_run_dry
D:2:      layout_loops_cross, chequers_serial_rivers_small_b
D:3:      layout_loops_corners, gammafunk_temple_overflow_elements,
          serial_glass, glass_columns_a, glass_columns_b, glass_columns_c,
          glass_columns_b, nicolae_shop_vocational
D:4:      lemuel_castle_with_subvaults [lemuel_castle_interior_original],
          layout_loops_cross, mainiacjoe_overflow_alcove_1,
          nicolae_ossuary_entry_ruins, serial_bayou_pond_e, uniq_grinder

Skill      XL: |  1  2  3  4  5  6  7 |
---------------+----------------------+-----
Spellcasting   | 5 6 7 9 |  9.3
Armour         | 1 2 |  2.1
Fighting       | 1 2 |  2.0
Conjurations   | 2 3 4 |  4.7
Stealth        | 3 |  3.0
Dodging        | 3 |  3.0
Air Magic      | 1 |  1.0
Necromancy     | 1 2 4 |  4.0
Alchemy        | 1 |  1.0
Summonings     | |  1.1
Translocations | |  1.1

Action                     |  1- 3 |  4- 6 |  7- 9 || total
---------------------------+-------+-------+-------++-------
  Melee: Dagger            |     5 |       |       ||     5
         Whip              |     7 |    80 |    28 ||   115
   Cast: Magic Dart        |   115 |   191 |   133 ||   439
         Mephitic Cloud    |     1 |     8 |     8 ||    17
         Call Imp          |     1 |     2 |     4 ||     7
         Blink             |       |       |     1 ||     1
   Stab: Confused          |       |     3 |     4 ||     7
         Distracted        |       |     1 |       ||     1
 Armour: Robe              |    21 |    17 |    31 ||    69
  Dodge: Dodged            |    21 |    76 |    44 ||   141
  Block: Other             |     1 |    23 |     7 ||    31
         Reflection        |       |       |     1 ||     1

Table legend: (Time is in decaauts)
 A = Elapsed time spent in this place.
 B = Non-inter-level travel time spent in this place.
 C = Inter-level travel time spent in this place.
 D = Time resting spent in this place.
 E = Time spent auto-exploring this place.
 F = Levels seen in this place.
 G = Mean time per level.
                   A        B        C        D        E       F      G
               +--------+--------+--------+--------+--------+-----+--------+
         Total |   6029 |   5965 |     64 |    134 |   4797 |   5 | 1205.8 |
       Dungeon |   5404 |   5340 |     64 |    134 |   4299 |   4 | 1351.0 |
       Ossuary |    625 |    625 |      0 |      0 |    498 |   1 |  625.0 |
               +--------+--------+--------+--------+--------+-----+--------+

Top non-repeatable levels by time:
     D:4: 1715 daAuts
     D:3: 1453 daAuts
     D:1: 1151 daAuts
     D:2: 1083 daAuts
 Ossuary: 625 daAuts
